Map: Orbital Shipyard

Players

MorN

  • Race: Terran Terran
  • League: Master

ElhayM - Winner!

  • Race: Terran Terran
  • League: Grandmaster

VOD

Have the link to the VOD?

Description

Time

  • Played on: Nov. 23, 2015, 7:30 p.m.
  • Length: 9:43
Show
View Real Time Build Order
Export as new Build Order

MorN Terran 

Build Orders: MMM Bio, Banshee Rush 

Get SALT Encoding   

  12  0:00  SCV  
  13  0:12  SCV  
  14  0:18  Supply Depot  
  14  0:25  SCV  
  15  0:38  Refinery  
  15  0:40  SCV  
  16  0:44  Barracks  
  16  0:52  SCV  
  17  1:06  SCV  
  18  1:18  SCV  
  19  1:33  Orbital Command  
  19  1:39  Command Center, Marine  
  20  1:51  Factory  
  20  2:01  SCV  
  21  2:03  Marine  
  22  2:11  Supply Depot  
  22  2:13  SCV  
  23  2:26  Refinery  
  23  2:32  SCV, Marine  
  25  2:38  Starport  
  25  2:44  SCV  
  26  2:54  Factory Tech Lab, Marine  
  26  2:55  Orbital Command  
  27  2:58  SCV  
  28  3:10  SCV  
  27  3:20  Marine  
  27  3:24  SCV  
  29  3:27  Banshee, Cloaking Field  
  29  3:33  SCV  
  29  3:34  Supply Depot  
  33  3:37  Marine  
  33  3:43  Factory Tech Lab  
  33  3:44  SCV  
  33  3:45  Factory Reactor  
  33  3:46  SCV  
  35  3:55  Marine  
  35  3:56  SCV  
  35  3:58  SCV  
  38  4:07  Command Center  
  38  4:08  SCV  
  39  4:10  SCV  
  39  4:11  Raven  
  39  4:13  Marine  
  43  4:20  SCV  
  43  4:22  SCV  
  45  4:31  Factory Tech Lab  
  45  4:33  SCV  
  45  4:34  SCV  
  47  4:43  Engineering Bay  
  47  4:44  Marine  
  47  4:45  SCV, Marine  
  50  4:47  SCV, Barracks  
  50  4:49  Barracks  
  51  4:57  SCV, Refinery  
  51  4:58  Refinery  
  51  4:59  SCV  
  53  5:12  Stimpack  
  53  5:13  Barracks, Starport Reactor  
  53  5:15  Barracks  
  53  5:19  SCV  
  53  5:20  Orbital Command  
  54  5:22  Supply Depot  
  54  5:23  Terran Infantry Weapons Level 1, Supply Depot, SCV  
  54  5:25  Siege Tank  
  58  5:34  SCV  
  58  5:35  SCV  
  60  5:40  Supply Depot  
  60  5:46  SCV, Marine  
  60  5:48  SCV  
  63  5:53  Supply Depot  
  63  5:54  Marine x2  
  63  5:56  SCV  
  66  6:02  Siege Tank, Starport Reactor  
  66  6:03  SCV  
  70  6:04  Marine  
  70  6:07  SCV  
  70  6:10  Supply Depot, Missile Turret  
  72  6:12  Barracks Reactor  
  72  6:13  Barracks Reactor, SCV  
  72  6:15  Marine x4  
  77  6:22  Marine  
  64  6:32  Marine, Orbital Command  
  64  6:35  SCV x2  
  64  6:39  Marine x2  
  68  6:40  Medivac x2  
  72  6:52  Marine x2  
  72  6:53  Marine x4  
  78  6:55  Supply Depot  
  78  7:04  SCV x2  
  78  7:05  Marine x3  
  78  7:06  Siege Tank  
  86  7:10  SCV, Medivac x2  
  91  7:21  Marine x4  
  95  7:28  SCV  
  95  7:29  SCV  
  94  7:34  Marine x3  
  94  7:35  Combat Shields, Marine x2  
  99  7:37  SCV  
  99  7:38  Terran Infantry Armor Level 1, Marine  
  99  7:40  Supply Depot  
  100  7:45  Barracks  
  100  7:46  Barracks  
  87  7:53  Marine x4  
  70  8:07  Marine x4  
  70  8:08  Marauder  
  70  8:12  Marine x3  
  73  8:13  Marine  
  75  8:24  Marine  
  75  8:25  Marine x2  
  72  8:28  SCV x2  
  67  8:35  Marine x4  
  67  8:36  Marauder  
  67  8:38  Siege Tank, Marine  
  77  8:42  Marine x2  
  77  8:43  Marine  
  77  8:47  SCV  
  81  8:49  SCV x2  
  81  8:52  Marine  
  81  8:53  Marine x3  
  87  8:56  Marine  
  87  9:00  SCV  
  87  9:01  SCV  
  88  9:10  Siege Tank, Marine x2  
  88  9:13  Marine  
  88  9:14  Marine x2  
Show
View Real Time Build Order
Export as new Build Order

ElhayM Terran - Winner!

Build Orders: Reaper Expand, MMM Bio 

Get SALT Encoding   

  12  0:01  SCV  
  13  0:13  SCV  
  14  0:21  Supply Depot  
  14  0:25  SCV  
  15  0:45  SCV, Barracks  
  15  0:48  Refinery  
  16  0:57  SCV  
  17  1:09  SCV  
  18  1:32  Orbital Command  
  18  1:33  Reaper  
  18  1:39  Command Center  
  19  1:44  Refinery  
  19  1:52  Supply Depot  
  19  1:58  SCV  
  20  2:05  Reaper  
  21  2:10  SCV  
  22  2:19  Factory  
  22  2:23  SCV  
  23  2:46  SCV  
  24  2:53  Orbital Command  
  23  3:00  SCV  
  23  3:01  Barracks Reactor  
  23  3:03  Factory Tech Lab  
  23  3:05  Starport  
  24  3:12  SCV  
  25  3:20  SCV  
  25  3:23  Cyclone  
  29  3:28  SCV, Engineering Bay  
  29  3:32  SCV  
  29  3:33  Barracks  
  31  3:41  Marine x2  
  32  3:43  SCV  
  32  3:44  SCV, Viking  
  37  3:55  SCV  
  37  3:56  SCV  
  37  3:57  Missile Turret  
  37  4:00  Missile Turret  
  37  4:02  Marine  
  39  4:07  SCV  
  39  4:09  Supply Depot  
  40  4:10  SCV  
  40  4:15  Starport Reactor  
  41  4:19  SCV  
  41  4:25  SCV  
  41  4:27  Siege Tank, Marine  
  41  4:29  Barracks Tech Lab  
  41  4:30  Barracks  
  41  4:31  Marine  
  47  4:35  Supply Depot  
  47  4:38  SCV  
  47  4:39  SCV  
  47  4:44  Refinery  
  49  4:51  SCV  
  49  4:52  SCV  
  50  4:54  Stimpack  
  50  4:58  Medivac  
  52  5:00  Marine x3  
  52  5:03  SCV  
  52  5:04  SCV  
  56  5:09  Medivac  
  58  5:15  SCV  
  58  5:16  SCV  
  58  5:18  Marine  
  61  5:22  Supply Depot, Marine  
  62  5:30  Supply Depot  
  62  5:37  Barracks Reactor  
  62  5:43  Command Center, Marine  
  62  5:49  SCV x2  
  65  5:52  Marine x2  
  65  5:53  Refinery  
  70  5:57  Siege Tank  
  70  5:58  Terran Infantry Weapons Level 1  
  70  6:01  SCV, Marine  
  72  6:05  Supply Depot  
  72  6:07  Supply Depot  
  72  6:09  Marine  
  72  6:10  SCV, Marine  
  75  6:15  Medivac  
  75  6:16  Marine  
  78  6:25  Marine  
  78  6:27  SCV, Medivac  
  72  6:36  Marine x2  
  72  6:37  Marine  
  72  6:38  SCV  
  72  6:39  SCV  
  75  6:42  Marine  
  75  6:43  Marine  
  76  6:47  Barracks  
  76  6:50  SCV, Siege Tank, Barracks  
  80  6:55  Marine x2  
  80  6:56  Orbital Command  
  80  6:58  Marine  
  80  7:00  Combat Shields  
  83  7:02  Armory  
  83  7:05  Engineering Bay  
  83  7:07  Marine x2  
  85  7:12  SCV x2  
  85  7:15  Marine x2  
  89  7:17  Marine  
  89  7:22  Siege Tank  
  93  7:25  Marine  
  93  7:29  Marine  
  95  7:31  Orbital Command  
  95  7:32  Medivac x2  
  95  7:33  SCV x2  
  101  7:37  Marine x2  
  101  7:38  Barracks Reactor, Marine  
  101  7:39  Barracks Reactor  
  104  7:45  SCV x2, Factory  
  106  7:52  Marine x2  
  106  7:55  Marine x2  
  106  7:56  Marine  
  106  8:02  Medivac  
  104  8:10  Marine x2  
  104  8:11  SCV x2  
  106  8:13  Marine x2  
  106  8:14  Supply Depot  
  106  8:15  Supply Depot  
  106  8:16  Supply Depot  
  106  8:17  Refinery, Medivac  
  101  8:21  SCV  
  101  8:23  SCV x2  
  101  8:30  Marine x2  
  101  8:32  Marine, Medivac  
  101  8:33  Marine x6  
  105  8:37  SCV  
  101  8:43  Siege Tank  
  101  8:44  Factory Tech Lab  
  101  8:47  Marine  
  101  8:48  Marine  
  106  8:50  Marine x2  
  106  8:52  Marine x3  
  106  8:53  Marine x2  
  113  9:05  Marine x2  
  113  9:08  Marine x2  
  117  9:10  Marine  
  117  9:13  Marine x2  
  117  9:14  Marine x2  
  117  9:23  Marine x2  
Tags
 
Add a new tag
Caveats
  • Supply blocks, unpowered buildings, or Contaminate may cause inaccurate times.
  • Supply counts are checked every 10 seconds.